 Dungeon Crawl Stone Soup version 0.29-a0-993-g4a18f31a58 (webtiles) character file.

Game seed: 9243276375663729401

67 xian the Magician (level 4, -4/30 HPs)
             Began as a Demonspawn Hedge Wizard on Aug 2, 2022.
             Slain by a gnoll
             ... wielding a +0 halberd
              (12 damage)
             ... on level 2 of the Dungeon.
             The game lasted 00:05:03 (1580 turns).

xian the Magician (Demonspawn Hedge Wizard)         Turns: 1580, Time: 00:05:04

Health: -4/30      AC:  5    Str: 10    XL:     4   Next: 0%
Magic:  5/9        EV: 12    Int: 23    God:
Gold:   55         SH:  0    Dex: 13    Spells: 4/10 levels left

rFire   . . .      SeeInvis .   a - +0 dagger
rCold   . . .      Faith    .   (no shield)
rNeg    . . .      Spirit   .   b - +0 robe
rPois   .          Reflect  .   c - +0 hat
rElec   .          Harm     .   h - +0 cloak
rCorr   .          Rampage  .   (no gloves)
Will    .....                   (no boots)
Stlth   ++........              (no amulet)
HPRegen 0.10/turn               g - +6 ring of intelligence
MPRegen 0.11/turn               (no ring)

@: no status effects
A: icy blue scales 1, demonic magic 1
a: no special abilities


You were on level 2 of the Dungeon.
You visited 1 branch of the dungeon, and saw 2 of its levels.

You collected 55 gold pieces.

Inventory:

Hand Weapons
 a - a +0 dagger (weapon)
Missiles
 k - 4 silver boomerangs
Armour
 b - a +0 robe (worn)
 c - a +0 hat (worn)
 h - a +0 cloak (worn)
Jewellery
 g - a +6 ring of intelligence (left hand)
Scrolls
 e - 3 scrolls of identify {unknown}
 i - a scroll of magic mapping {unknown}
 n - 2 scrolls of teleportation {unknown}
Potions
 d - a potion of magic
 f - 2 potions of degeneration {unknown}
 j - 2 potions of lignification {unknown}
 l - a potion of haste {unknown}
 m - a potion of mutation {unknown}


   Skills:
 + Level 0.1 Fighting
 + Level 0.8 Short Blades
 + Level 2.3 Dodging
 + Level 2.1 Stealth
 + Level 3.7 Spellcasting
 + Level 1.6 Conjurations
 + Level 1.0 Summonings
 + Level 0.8 Translocations


You had 4 spell levels left.
You knew the following spells:

 Your Spells              Type           Power      Damage    Failure   Level
a - Magic Dart            Conj           44%        1d5       5%          1
b - Slow                  Hex            16%        N/A       11%         1
c - Blink                 Tloc           16%        N/A       12%         2
d - Call Imp              Summ           9%         N/A       11%         2

Your spell library contained the following spells:

 Spells                   Type           Power      Damage    Failure   Level
 Lesser Beckoning         Tloc           8%         N/A       22%         3
 Conjure Flame            Conj/Fire      8%         6-21      24%         3
 Mephitic Cloud           Conj/Pois/Air  6%         N/A       26%         3
 Manifold Assault         Tloc           8%         N/A       91%         5


Dungeon Overview and Level Annotations

Branches:
Dungeon (2/15)

Altars:


Innate Abilities, Weirdness & Mutations

You are partially covered in icy blue scales. (AC +2)
Spells you cast may paralyse adjacent enemies.


Message History

Your crimson imp blinks!
The endoplasm hits you but does no damage.
You hit the endoplasm.
The endoplasm is severely wounded.
The endoplasm hits you.
A hobgoblin comes into view.
You hit the endoplasm.
You kill the endoplasm!
The gnoll hits something with a +0 halberd!
You have reached level 4!
You feel agile.
Your demonic ancestry asserts itself...
A menacing aura infuses your magic.
Okay, then.
Casting: Call Imp (safe; 11% risk of failure)
Confirm with . or Enter, or press ? or * to list all spells.
Aiming: Slow (safe; 11% risk of failure)
Press: ? - help, Shift-Dir - straight line, f - gnoll
Aim: a gnoll, wielding a +0 whip (lightly wounded, chance to affect: 49%)
The gnoll resists with some effort.
Malevolent energies surge around you.
The gnoll hits your crimson imp with a +0 halberd!
Your crimson imp dies!
Your crimson imp disappears in a puff of smoke!
The gnoll hits you with a +0 whip.
* * * LOW HITPOINT WARNING * * *
Casting: Slow (safe; 11% risk of failure)
Confirm with . or Enter, or press ? or * to list all spells.
A beastly little devil appears in a puff of flame.
Malevolent energies surge around you. The gnoll closely misses you.
You see here a +0 whip.
You swap places.
The gnoll completely misses your crimson imp.
Your crimson imp blinks!
Items here: ( )) †.
The gnoll barely misses you. x2
Your crimson imp closely misses the gnoll.
You see here a +0 whip.
You hit the gnoll but do no damage.
The gnoll is lightly wounded.
The gnoll hits you from afar with a +0 halberd!
You die...

#.#..P#..##
#.#.#.##..#####
#.'.#.P##.....#
#####._P#####.###
##..#P'P#.(.##
##.#.#.###..#
#P..#.# ##.#
#8###.# #.#
#5g@)P# #.##
#g##### #..# #..#
##.## #... #.†#
#.g. ##.## #....
#..# #....
#######.######
'.$...
..............
#######..#####


You could see 2 gnolls and a friendly crimson imp (summoned).

Vanquished Creatures
  A gnoll (D:2)
  An adder (D:2)
  5 bats
  2 endoplasms
  A giant cockroach (D:2)
  4 goblins (D:1)
  2 hobgoblins (D:1)
  3 jackals (D:2)
  A quokka (D:2)
  7 ball pythons
  A frilled lizard (D:1)
  3 kobolds (D:1)
  2 rats (D:1)
33 creatures vanquished.

Vanquished Creatures (collateral kills)
  A gnoll (D:2)
  2 kobolds (D:2)
  A quokka (D:2)
4 creatures vanquished.

Grand Total: 37 creatures vanquished

Notes
Turn   | Place    | Note
-------+----------+-------------------------------------------
     0 | D:1      | xian the Demonspawn Hedge Wizard began the quest for the
                  | Orb.
     0 | D:1      | Reached XP level 1. HP: 13/13 MP: 4/4
     1 | D:1      | Noticed an electric eel
   357 | D:1      | Gained mutation: You are partially covered in icy blue
                  | scales. (AC +2) [demonic ancestry]
   357 | D:1      | Reached XP level 2. HP: 4/19 MP: 0/6
   359 | D:1      | Learned a level 1 spell: Slow
   362 | D:1      | Learned a level 2 spell: Blink
   365 | D:1      | Learned a level 2 spell: Call Imp
  1172 | D:2      | Reached XP level 3. HP: 13/24 MP: 1/8
  1499 | D:2      | Found a faded altar of an unknown god.
  1575 | D:2      | Gained mutation: Spells you cast may paralyse adjacent
                  | enemies. [demonic ancestry]
  1575 | D:2      | Reached XP level 4. HP: 13/30 MP: 7/9
  1580 | D:2      | Slain by a gnoll

Illustrated notes

Levels and vault maps discovered:
D:1:      arrival_aquarium_a, layout_basic
D:2:      layout_basic, shapermc_ecumenical_altar_ellora

Skill      XL: |  1  2 |
---------------+-------+-----
Dodging        | 2 |  2.3
Stealth        | 2 |  2.1
Fighting       | |  0.1
Short Blades   | |  0.8
Spellcasting   | |  3.7
Conjurations   | |  1.6
Summonings     | |  1.0
Translocations | |  0.8

Action                   |  1- 3 |  4- 6 || total
-------------------------+-------+-------++-------
Melee: Dagger            |    73 |     1 ||    74
 Cast: Magic Dart        |    52 |       ||    52
       Call Imp          |     4 |     1 ||     5
       Blink             |     1 |       ||     1
       Slow              |       |     1 ||     1
Armor: Robe              |    44 |       ||    44
Dodge: Dodged            |   102 |     3 ||   105

Table legend: (Time is in decaauts)
 A = Elapsed time spent in this place.
 B = Non-inter-level travel time spent in this place.
 C = Inter-level travel time spent in this place.
 D = Time resting spent in this place.
 E = Time spent auto-exploring this place.
 F = Levels seen in this place.
 G = Mean time per level.
                   A        B        C        D        E       F      G
               +--------+--------+--------+--------+--------+-----+--------+
         Total |   1578 |   1546 |     32 |      0 |   1204 |   2 |  789.0 |
       Dungeon |   1578 |   1546 |     32 |      0 |   1204 |   2 |  789.0 |
               +--------+--------+--------+--------+--------+-----+--------+

Top non-repeatable levels by time:
     D:1: 1127 daAuts
     D:2: 451 daAuts
